 Dungeon Crawl Stone Soup version 0.31-a0-20-g13bd767e95 (webtiles) character file.

Game seed: 7974782042602103724

19276 Bennjico the Cleaver (level 12, -12/111 HPs)
             Began as a Minotaur Fighter on May 13, 2023.
             Was a High Priest of Okawaru.
             Mangled by an ettin
             ... wielding a +0 dire flail
              (20 damage)
             ... on level 11 of the Dungeon.
             The game lasted 00:15:01 (11214 turns).

Bennjico the Cleaver (Minotaur Fighter)            Turns: 11214, Time: 00:15:01

Health: -12/111    AC: 23    Str: 32    XL:     12   Next: 35%
Magic:  11/11      EV: 12    Int:  5    God:    Okawaru [*****.]
Gold:   621        SH: 11    Dex: 10    Spells: 11/11 levels left

rFire   + . .        y - +7 broad axe "Punkyfre" {protect, *Slow rC++}
rCold   + + +        b - +0 kite shield "Cucogieh" {Slay+2}
rNeg    . . .        B - +2 chain mail {rC+}
rPois   .            (helmet restricted)
rElec   +            q - +1 cloak
rCorr   .            t - +1 pair of gloves
SInv    .            (no boots)
Will    .....        (no amulet) Stlth
                     o - +4 ring of protection
HPRegen 0.38/turn    j - +6 ring of strength
MPRegen 0.12/turn

%: slow self (1%)
@: about to teleport, studying 2 skills
A: horns 2, retaliatory headbutt, fire resistance 1, mutation resistance 1,
electricity resistance
a: Renounce Religion, Heroism, Finesse, Duel


You were on level 11 of the Dungeon.
You worshipped Okawaru.
Okawaru was extremely pleased with you.
You visited 2 branches of the dungeon, and saw 12 of its levels.

You collected 621 gold pieces.

Inventory:

Hand Weapons
 a - a +0 war axe
 c - a +0 broad axe
 f - a +2 heavy hand axe
 u - the +4 broad axe "Cyulozxil" {freeze, Int+3}
   (You found it on level 9 of the Dungeon)

   Int:       It affects your intelligence (+3).
 y - the +7 broad axe "Punkyfre" (weapon) {protect, *Slow rC++}
   (Okawaru gifted it to you on level 10 of the Dungeon)

   rC:        It greatly protects you from cold.
   *Slow:     It may slow you when you take damage.
Missiles
 A - a throwing net (quivered)
Armour
 b - the +0 kite shield "Cucogieh" (worn) {Slay+2}
   (Okawaru gifted it to you on level 10 of the Dungeon)

   Slay:      It affects your accuracy & damage with ranged weapons and melee
   (+2).
 q - a +1 cloak (worn)
 t - a +1 pair of gloves (worn)
 B - a +2 chain mail of cold resistance (worn)
Jewellery
 j - a +6 ring of strength (right hand)
 o - a +4 ring of protection (left hand)
Wands
 s - a wand of digging (6)
Scrolls
 k - 2 scrolls of teleportation
 r - a scroll of magic mapping
 w - 2 scrolls of immolation
 z - a scroll of fog
Potions
 d - 2 potions of flight
 g - 2 potions of ambrosia
 h - 3 potions of curing
 i - 2 potions of invisibility
 l - 2 potions of lignification
 m - 2 potions of resistance
 n - 3 potions of haste
 v - a potion of magic {unknown}
 x - a potion of attraction {unknown}
 C - a potion of brilliance {unknown}


   Skills:
 + Level 11.6 Fighting
 + Level 12.0 Axes
 + Level 11.7 Armour
 + Level 10.1 Dodging
 + Level 11.6 Shields


You had 11 spell levels left.
You didn't know any spells.
Your spell library contained the following spells:

 Spells                   Type           Power      Damage    Failure   Level
 Magic Dart               Conj           0%         1d3       92%         1
 Sandblast                Erth           0%         2d4       92%         1
 Blink                    Tloc           0%         N/A       98%         2
 Ensorcelled Hibernation  Hex/Ice        0%         N/A       98%         2
 Lesser Beckoning         Tloc           0%         N/A       98%         2
 Momentum Strike          Conj/Tloc      0%         3d8       98%         2
 Passwall                 Tmut/Erth      0%         N/A       98%         2
 Searing Ray              Conj           0%         2d4       98%         2
 Mephitic Cloud           Conj/Pois/Air  0%         N/A       100%        3
 Spider Form              Tmut/Pois      0%         N/A       100%        3
 Stone Arrow              Conj/Erth      0%         3d7       100%        3
 Anguish                  Hex/Necr       0%         N/A       100%        4
 Cause Fear               Hex            0%         N/A       100%        4
 Fulminant Prism          Conj/Hex       0%         3d5       100%        4
 Olgreb's Toxic Radiance  Pois           0%         N/A       100%        4
 Blade Hands              Tmut           0%         N/A       100%        5
 Irradiate                Conj/Tmut      0%         3d11      100%        5
 Dragon Form              Tmut           0%         N/A       100%        7
 Storm Form               Tmut/Air       0%         N/A       100%        7
 Discord                  Hex            0%         N/A       100%        8
 Ignition                 Fire           0%         3d3       100%        8
 Maxwell's Capacitive Co  Air            0%         ∞         100%        8
 Call Imp                 Summ           Unusable   N/A       N/A         2
 Summon Guardian Golem    Hex/Summ       Unusable   N/A       N/A         3
 Animate Armour           Summ/Erth      Unusable   N/A       N/A         4
 Summon Lightning Spire   Summ/Air       Unusable   N/A       N/A         4
 Dragon's Call            Summ           Unusable   N/A       N/A         9

Dungeon Overview and Level Annotations

Branches:
Dungeon (11/15)            Temple (1/1) D:5            Lair (0/5) D:10
    Orc (0/2) D:9

Altars:
Cheibriados
Gozag
Hepliaklqana
Kikubaaqudgha
Makhleb
Okawaru
Sif Muna
Wu Jian
Xom
Yredelemnul
The Shining One

Shops:
D:4 :


Innate Abilities, Weirdness & Mutations

You have a pair of horns on your head.
You reflexively headbutt those who attack you in melee.
Your flesh is heat resistant. (rF+)
You are somewhat resistant to further mutation.
You are resistant to electric shocks. (rElec)


Message History

Unknown command.
You are too injured to fight recklessly!
Unknown command.
You are too injured to fight recklessly!
Unknown command.
You barely miss the ettin.
You feel sick.
The ettin hits you with a +0 dire flail!!
* * * LOW HITPOINT WARNING * * *
The ettin hits you with a +0 dire flail!
* * * LOW HITPOINT WARNING * * *
Unknown command.
You slash the ettin! You headbutt the ettin!
The ettin is moderately wounded.
You feel sick. The ettin closely misses you.
The ettin hits you with a +0 dire flail!
* * * LOW HITPOINT WARNING * * *
Unknown command.
Blink to where?
Press: ? - help, Dir - move target
Found a potion of haste.
As you read the scroll of blinking, it crumbles to dust.
You flicker for a moment.
You feel sick.
You feel better.
You feel much better.
You feel much better.
The ettin hits you with a +0 dire flail.
The ettin hits you with a +0 dire flail!!
* * * LOW HITPOINT WARNING * * *
Unknown command.
As you read the scroll of teleportation, it crumbles to dust.
You feel strangely unstable.
The ettin hits you with a +0 dire flail!!
* * * LOW HITPOINT WARNING * * *
You block the ettin's attack.
Unknown command.
You flicker back into view.
The ettin attacks as you move away! You block the ettin's attack.
The ettin hits you with a +0 dire flail!!
You die...

....).............#'###
..................#...###
...........#####..#.....###
...........# #..#.).....#
...........# #..'[[D⌠...'
.=.........# #..#.......#
...........# #Z.#..Z..###
...........# #CD#...###
........†..#####@.#'###
................).#.. ##+#
..................#.. #...
...........#####..#.. ##...
...........# #..# #....
#########..# #!.# ##..⌠.
#[.# #... #..... #..# #...
#...). #††# +.....


You could see a fire dragon, an ettin and a centaur warrior simulacrum.

Vanquished Creatures
  Harold (D:10)
  The ghost of Zigma the Grappler, a journeyman DrMo of Yredelemnul (D:9)
  A death knight (D:11)
  3 two-headed ogres
  A boulder beetle (D:11)
  A death yak (D:10)
  Pikel (D:7)
  4 wolf spiders (D:11)
  An ugly thing (D:11)
  A cyclops (D:11)
  An elephant (D:10)
  A gargoyle (D:11)
  2 komodo dragons
  2 trolls (D:11)
  A raiju (shapeshifter) (D:11)
  2 wraiths (D:11)
  A basilisk (D:10)
  27 yaks
  Grum (D:10)
  2 steam dragons
  6 vampire mosquitoes
  A water moccasin (D:5)
  3 acid dragons
  2 orc warriors
  A sky beast (D:6)
  An ice beast (D:8)
  4 wolves (D:10)
  A black bear (D:10)
  3 ogres
  4 centaurs
  2 lemures (D:7)
  6 kobold brigands
  2 bullfrogs
  4 scorpions
  2 gnoll sergeants (D:11)
  10 wights (D:8)
  8 killer bees
  A howler monkey (D:10)
  3 jellies
  2 hounds
  Crazy Yiuf (D:5)
  A gnoll bouda (D:7)
  6 orc priests
  9 orc wizards
  A sleepcap (D:7)
  2 iguanas
  11 gnolls
  5 adders
  A white imp (D:5)
  2 worms
  3 dart slugs
  59 orcs
  5 ball pythons
  3 bats
  11 endoplasms
  4 giant cockroaches
  7 goblins
  5 hobgoblins
  2 jackals (D:4)
  29 kobolds
  A quokka (D:3)
  7 frilled lizards
  3 rats
299 creatures vanquished.

Vanquished Creatures (others)
  A water moccasin (D:8)
1 creature vanquished.

Grand Total: 300 creatures vanquished

Notes
Turn   | Place    | Note
-------+----------+-------------------------------------------
     0 | D:1      | Bennjico the Minotaur Fighter began the quest for the Orb.
     0 | D:1      | Reached XP level 1. HP: 19/19 MP: 0/0
    27 | D:1      | Reached XP level 2. HP: 15/27 MP: 1/1
   104 | D:1      | Reached skill level 1 in Dodging
   209 | D:1      | Reached XP level 3. HP: 32/33 MP: 2/2
   644 | D:2      | Reached skill level 3 in Axes
   858 | D:2      | Reached XP level 4. HP: 34/40 MP: 3/3
   864 | D:2      | Gained mutation: You are clumsy. (Dex -2) [potion of
                  | mutation]
   864 | D:2      | Gained mutation: You are weak. (Str -2) [potion of
                  | mutation]
   864 | D:2      | Gained mutation: Your body sometimes deteriorates upon
                  | taking damage. [potion of mutation]
  1556 | D:3      | Got Jewus's Almanac of Adjuration
  1981 | D:3      | Reached XP level 5. HP: 46/47 MP: 4/4
  2652 | D:4      | Found Beebyuga's Book Boutique.
  2861 | D:4      | Found a shimmering blue altar of Sif Muna.
  2865 | D:4      | Found an opulent altar of Gozag.
  2881 | D:4      | Found an ancient bone altar of Kikubaaqudgha.
  2881 | D:4      | Found an iron altar of Okawaru.
  2883 | D:4      | Found a snail-covered altar of Cheibriados.
  2891 | D:4      | Became a worshipper of Warmaster Okawaru
  2931 | D:4      | Reached skill level 4 in Axes
  2931 | D:4      | Reached skill level 5 in Armour
  2931 | D:4      | Reached XP level 6. HP: 52/55 MP: 5/5
  3089 | D:5      | Entered Level 5 of the Dungeon
  3283 | D:5      | Reached skill level 5 in Fighting
  3283 | D:5      | Reached skill level 5 in Shields
  3349 | D:5      | Noticed a water moccasin
  3363 | D:5      | Killed a water moccasin
  3516 | D:5      | Reached * piety under Okawaru
  3517 | D:5      | Reached XP level 7. HP: 61/61 MP: 6/6
  3596 | D:5      | Found a staircase to the Ecumenical Temple.
  3605 | Temple   | Entered the Ecumenical Temple
  3762 | D:5      | Found a hazy altar of Hepliaklqana.
  3763 | D:5      | Found a shimmering altar of Xom.
  3764 | D:5      | Noticed a spectral ugly thing
  4191 | D:5      | Found a runed translucent door.
  4192 | D:5      | Noticed Crazy Yiuf
  4199 | D:5      | Killed Crazy Yiuf
  4529 | D:6      | Found an ornate altar of the Wu Jian Council.
  4630 | D:6      | Reached skill level 5 in Axes
  4711 | D:6      | Lost mutation: Your body sometimes deteriorates upon taking
                  | damage. [potion of mutation]
  4711 | D:6      | Lost mutation: You are clumsy. (Dex -2) [potion of
                  | mutation]
  4711 | D:6      | Gained mutation: You are resistant to electric shocks.
                  | (rElec) [potion of mutation]
  4711 | D:6      | Gained mutation: You are agile. (Dex +4, Str/Int -1)
                  | [potion of mutation]
  5011 | D:6      | Reached XP level 8. HP: 62/70 MP: 7/7
  5839 | D:7      | Noticed Pikel
  5865 | D:7      | Killed Pikel
  5865 | D:7      | Reached ** piety under Okawaru
  5866 | D:7      | Reached skill level 6 in Axes
  5866 | D:7      | Reached skill level 5 in Dodging
  6176 | D:7      | Reached *** piety under Okawaru
  6177 | D:7      | Reached XP level 9. HP: 39/79 MP: 8/8
  7039 | D:8      | Reached skill level 7 in Axes
  7226 | D:8      | Found a glowing golden altar of the Shining One.
  7406 | D:8      | HP: 1/81 [steam dragon] (17)]
  7633 | D:8      | Lost mutation: You are agile. (Dex +4, Str/Int -1) [potion
                  | of mutation]
  7633 | D:8      | Lost mutation: You are weak. (Str -2) [potion of mutation]
  7633 | D:8      | Gained mutation: Your flesh is heat resistant. (rF+)
                  | [potion of mutation]
  7633 | D:8      | Gained mutation: You are somewhat resistant to further
                  | mutation. [potion of mutation]
  7709 | D:8      | Reached **** piety under Okawaru
  7765 | D:8      | Found a burning altar of Makhleb.
  7956 | D:8      | Found a basalt altar of Yredelemnul.
  8051 | D:9      | Reached skill level 8 in Axes
  8058 | D:9      | Reached XP level 10. HP: 90/90 MP: 9/9
  8175 | D:9      | Identified the +4 broad axe "Cyulozxil" {freeze, Int+3}
  8235 | D:9      | Found a runed translucent door.
  8235 | D:9      | Noticed Zigma's ghost (journeyman DrMo)
  8425 | D:9      | Killed Zigma's ghost
  8606 | D:9      | Reached ***** piety under Okawaru
  8677 | D:9      | Reached skill level 9 in Axes
  8919 | D:9      | Found a staircase to the Orcish Mines.
  9027 | D:10     | Entered Level 10 of the Dungeon
  9544 | D:10     | Identified the +7 broad axe "Punkyfre" {protect, *Slow
                  | rC++} (Okawaru gifted it to you on level 10 of the Dungeon)
  9544 | D:10     | Received a gift from Okawaru
  9643 | D:10     | Reached XP level 11. HP: 87/99 MP: 10/10
  9646 | D:10     | Reached skill level 10 in Armour
  9806 | D:10     | Found a staircase to the Lair.
  9806 | D:10     | Noticed a death yak
  9813 | D:10     | Reached skill level 10 in Fighting
  9813 | D:10     | Reached skill level 10 in Shields
  9815 | D:10     | Killed a death yak
  9846 | D:10     | Noticed a two-headed ogre
  9852 | D:10     | Killed a two-headed ogre
  9857 | D:10     | Noticed Harold
  9868 | D:10     | Killed Harold
  9869 | D:10     | Reached skill level 10 in Axes
  9997 | D:10     | Noticed Grum
 10001 | D:10     | Identified the +0 kite shield "Cucogieh" {Slay+2} (Okawaru
                  | gifted it to you on level 10 of the Dungeon)
 10001 | D:10     | Received a gift from Okawaru
 10010 | D:10     | Killed Grum
 10626 | D:11     | Noticed a wolf spider
 10631 | D:11     | Killed a wolf spider
 10768 | D:11     | Noticed a two-headed ogre
 10775 | D:11     | Killed a two-headed ogre
 10778 | D:11     | Reached skill level 11 in Axes
 10788 | D:11     | Noticed a death knight
 10788 | D:11     | Noticed an ettin
 10788 | D:11     | Noticed a boulder beetle
 10946 | D:11     | Reached XP level 12. HP: 110/110 MP: 11/11
 10960 | D:11     | Killed a death knight
 11123 | D:11     | Killed a boulder beetle
 11181 | D:11     | Noticed a two-headed ogre
 11183 | D:11     | Noticed a fire dragon
 11189 | D:11     | Killed a two-headed ogre
 11201 | D:11     | Identified the +0 hat of the Eternal Void {rCorr Int-3
                  | Dex+3} (Okawaru gifted it to you on level 11 of the
                  | Dungeon)
 11201 | D:11     | Received a gift from Okawaru
 11202 | D:11     | Reached skill level 10 in Dodging
 11204 | D:11     | Reached skill level 12 in Axes
 11214 | D:11     | Mangled by an ettin

Illustrated notes

Levels and vault maps discovered:
D:1:      lemuel_arrival_rhombus, layout_basic
D:2:      kennysheep_big_flooded_room, layout_basic
D:3:      layout_basic
D:4:      layout_rooms, nicolae_sif_muna_little_library, minitemple,
          serial_shops, nicolae_shop_window_shopping
D:5:      layout_cave_pods, regret_index_temple_of_mockery,
          lemuel_temple_firewalk_a, uniq_crazy_yiuf_cottage
D:6:      layout_loops_corners, lemuel_doored_altar
D:7:      layout_cave_pods, nrook_uturn, uniq_pikel
D:8:      layout_basic, grunt_temple_overflow_holy_war, kennysheep_mini
D:9:      layout_loops_ring, orc_0_dummy, special_room [special_room_orc],
          hellmonk_ghost_happy_afterlife
D:10:     layout_irregular_city, david_lair_generic, uniq_harold, uniq_grum
D:11:     layout_small_grid, nicolae_rejected_hall
Temple:   jpeg_temple_clearing

Skill      XL: |  1  2  3  4  5  6  7  8  9 10 11 12 |
---------------+-------------------------------------+-----
Dodging        | 1 2 3 4 5 6 8 9 10 | 10.1
Armour         | 4 5 6 7 8 9 11 | 11.7
Fighting       | 4 5 6 7 8 9 11 | 11.6
Shields        | 4 5 6 7 8 9 11 | 11.6
Axes           | 3 4 5 6 8 9 11 12 | 12.0

Action                     |  1- 3 |  4- 6 |  7- 9 | 10-12 || total
---------------------------+-------+-------+-------+-------++-------
  Melee: War axe           |    75 |    37 |       |       ||   112
         Headbutt          |     6 |    10 |    45 |    59 ||   120
         Hand axe          |       |    72 |   241 |   125 ||   438
         Broad axe         |       |       |       |   172 ||   172
 Invoke: Heroism           |       |       |       |     2 ||     2
    Use: Scroll            |     3 |     7 |     6 |     6 ||    22
         Potion            |     2 |     1 |     3 |     5 ||    11
   Stab: Invisible         |       |       |       |     4 ||     4
 Armour: Scale mail        |    32 |    61 |   106 |   100 ||   299
         Chain mail        |       |       |       |    64 ||    64
  Dodge: Dodged            |    36 |    37 |   176 |   186 ||   435
  Block: Buckler           |    23 |    20 |    84 |    74 ||   201
         Kite shield       |       |       |       |    66 ||    66

Table legend: (Time is in decaauts)
 A = Elapsed time spent in this place.
 B = Non-inter-level travel time spent in this place.
 C = Inter-level travel time spent in this place.
 D = Time resting spent in this place.
 E = Time spent auto-exploring this place.
 F = Levels seen in this place.
 G = Mean time per level.
                   A        B        C        D        E       F      G
               +--------+--------+--------+--------+--------+-----+--------+
         Total |  11481 |  11116 |    365 |    227 |   8899 |  12 |  956.8 |
       Dungeon |  11479 |  11114 |    365 |    227 |   8899 |  11 | 1043.5 |
        Temple |      1 |      1 |      0 |      0 |      0 |   1 |    1.0 |
               +--------+--------+--------+--------+--------+-----+--------+

Top non-repeatable levels by time:
     D:7: 1368 daAuts
     D:6: 1348 daAuts
     D:5: 1329 daAuts
     D:9: 1314 daAuts
     D:3: 1124 daAuts
    D:10: 1045 daAuts
     D:8: 980 daAuts
     D:2: 946 daAuts
    D:11: 930 daAuts
     D:1: 603 daAuts
     D:4: 488 daAuts
  Temple: 1 daAuts
